Map: Cactus Valley LE (Void)

Players

uThermal

  • Race: Terran Terran
  • Spawn Location: 5:00

INnoVation - Winner!

  • Race: Terran Terran
  • Spawn Location: 11:00

Event: IEM XI Katowice - World Championship 2017

VOD

Have the link to the VOD?

Description

Time

  • Played on: March 3, 2017, 4:09 p.m.
  • Length: 13:05

All games in this series

Show
View Real Time Build Order
Export as new Build Order

uThermal Terran 

Build Orders: 1/1/1 

Get SALT Encoding   

  12  0:01  SCV  
  13  0:13  SCV  
  14  0:17  Supply Depot  
  14  0:26  SCV  
  14  0:27  Refinery  
  15  0:39  SCV  
  16  0:44  Barracks  
  16  0:51  SCV  
  16  0:55  Refinery  
  17  1:03  SCV  
  18  1:15  SCV  
  19  1:31  Reaper, Orbital Command  
  20  1:35  Factory  
  20  1:46  Supply Depot  
  20  1:57  SCV  
  21  2:03  Reaper  
  22  2:09  SCV  
  23  2:19  Hellion  
  23  2:20  Starport  
  23  2:21  SCV  
  26  2:29  Supply Depot  
  26  2:33  SCV  
  26  2:35  Reaper  
  28  2:40  Hellion  
  30  2:45  SCV  
  31  2:57  SCV, Medivac  
  34  3:02  Hellion  
  36  3:08  Reaper  
  36  3:09  SCV  
  38  3:25  Supply Depot  
  38  3:27  Hellion  
  40  3:28  Starport Tech Lab  
  40  3:31  SCV  
  41  3:46  Command Center  
  41  3:49  Raven  
  43  3:57  Factory Tech Lab, Barracks Reactor  
  43  3:59  SCV  
  43  4:11  SCV  
  41  4:27  Siege Tank  
  41  4:29  SCV  
  45  4:33  Raven  
  47  4:41  SCV  
  44  4:47  Marine x2  
  44  4:51  Barracks  
  44  4:52  Barracks  
  46  4:53  SCV  
  47  5:03  Siege Tank  
  47  5:05  SCV  
  50  5:08  Marine  
  50  5:10  Marine  
  52  5:17  SCV  
  53  5:26  Marine  
  53  5:28  Marine  
  54  5:31  Orbital Command  
  54  5:34  Raven  
  56  5:40  Marine x2  
  58  5:47  Marine  
  58  5:48  Marine  
  60  5:51  Supply Depot  
  60  5:56  SCV  
  61  5:57  Marine  
  61  5:59  SCV  
  63  6:04  Marine  
  63  6:06  Marine  
  63  6:08  SCV  
  63  6:11  SCV  
  63  6:15  Marine  
  61  6:20  Marine, SCV  
  61  6:23  SCV  
  64  6:32  SCV  
  55  6:33  Marine  
  55  6:35  Siege Tank, SCV  
  55  6:36  Marine, Raven  
  55  6:37  Marine  
  55  6:39  Marine  
  60  6:44  SCV  
  61  6:47  SCV  
  61  6:51  Marine  
  63  6:54  Marine  
  63  6:56  SCV  
  63  6:59  Barracks Tech Lab x2  
  65  7:02  Barracks  
  65  7:06  Barracks  
  65  7:09  Marine, Engineering Bay  
  65  7:10  SCV  
  65  7:11  Supply Depot  
  65  7:12  SCV  
  63  7:19  Stimpack  
  60  7:22  SCV  
  60  7:27  Marine, SCV  
  60  7:28  Starport Reactor  
  61  7:33  Marine x3, Refinery  
  61  7:34  Refinery  
  61  7:35  SCV  
  64  7:39  SCV  
  65  7:45  Marine  
  65  7:47  SCV  
  68  7:51  SCV  
  64  7:59  SCV  
  64  8:03  SCV  
  58  8:06  Marine  
  58  8:07  Marine  
  58  8:08  Marine, Combat Shields  
  58  8:09  Barracks Reactor x2  
  58  8:10  Marine  
  58  8:11  SCV  
  56  8:15  SCV  
  57  8:23  SCV  
  57  8:24  Marine, Command Center  
  57  8:25  Marine x2  
  57  8:27  Marine, Siege Tank  
  61  8:34  Medivac  
  61  8:36  SCV x2  
  65  8:43  Medivac  
  65  8:44  Marine x2  
  65  8:46  Marine  
  65  8:48  SCV x2  
  72  8:49  Marine  
  71  9:00  SCV  
  71  9:02  Marine, SCV  
  73  9:05  Marine  
  73  9:06  Marine x2  
  75  9:12  Missile Turret  
  75  9:15  Medivac  
  77  9:18  Medivac  
  79  9:24  Marine x2  
  79  9:27  Marine x2  
  79  9:29  Marine  
  84  9:31  SCV  
  84  9:34  SCV  
  86  9:40  Orbital Command  
  86  9:41  Marine  
  86  9:43  SCV  
  88  9:48  Siege Tank  
  88  9:50  SCV  
  88  9:52  Marine x2  
  93  9:55  Marine  
  95  10:00  Marine, SCV  
  95  10:01  Marine x4  
  95  10:05  SCV  
  101  10:11  Marine  
  101  10:13  Marine  
  101  10:19  Supply Depot x2  
  101  10:22  Marine x4, Medivac x2, Terran Infantry Weapons Level 1  
  101  10:26  Marine  
  109  10:31  Engineering Bay  
  109  10:36  Supply Depot  
  109  10:37  Marine  
  109  10:38  Supply Depot  
  109  10:40  Marine x4  
  109  10:41  Marine  
  117  10:45  Marine  
  117  10:46  Marine  
  119  10:52  Medivac  
  119  10:55  Marine  
  122  10:58  Marine x4  
  122  11:00  Marine  
  122  11:03  Marine  
  122  11:04  Marine  
  108  11:10  Terran Infantry Armor Level 1  
  95  11:13  Marine, Medivac  
  95  11:14  Armory, Siege Tank  
  95  11:16  Marine x4  
  95  11:18  Marine  
  105  11:21  Marine x2  
  102  11:31  Marine  
  93  11:34  Marine x2  
  84  11:42  Marine  
  84  11:43  Marine x3  
  84  11:44  Marine  
  84  11:45  Medivac x2  
  84  11:48  Siege Tank  
  84  11:49  Marine  
  84  11:52  Marine x2  
  90  12:00  Marine x2  
  90  12:01  Marine x2  
  93  12:02  Marine  
  93  12:07  Marine  
  96  12:10  Marine x2  
  98  12:17  Missile Turret  
  98  12:18  Marine x2  
  98  12:19  Marine x3  
  103  12:24  Marine  
  103  12:27  Marine x2  
  106  12:36  Marine x3  
  106  12:37  Marine x2  
  109  12:42  Marine  
  112  12:45  Marine x2  
Show
View Real Time Build Order
Export as new Build Order

INnoVation Terran - Winner!

Build Orders: Cyclone Opening, Reaper Expand, Bio Tank 

Get SALT Encoding   

  12  0:00  SCV  
  13  0:13  SCV  
  14  0:17  Supply Depot  
  14  0:25  SCV  
  14  0:28  Refinery  
  15  0:38  SCV  
  16  0:44  Barracks  
  16  0:50  SCV  
  17  1:03  SCV  
  18  1:15  SCV  
  19  1:30  Orbital Command  
  19  1:31  Reaper  
  20  1:42  Command Center  
  20  1:53  Factory  
  20  1:56  SCV  
  21  2:05  Barracks Reactor  
  21  2:08  SCV  
  22  2:13  Supply Depot  
  22  2:14  Refinery  
  22  2:20  SCV  
  23  2:35  SCV  
  24  2:40  Cyclone  
  24  2:41  Marine x2  
  29  2:47  SCV  
  29  2:58  Marine x2  
  29  3:00  Starport  
  29  3:05  SCV, Orbital Command  
  31  3:14  Factory Tech Lab  
  31  3:17  SCV  
  30  3:22  Marine x2  
  32  3:29  SCV  
  32  3:31  SCV  
  34  3:41  SCV  
  35  3:42  Marine x2, Raven  
  35  3:45  SCV  
  35  3:46  Factory Tech Lab  
  40  3:50  Supply Depot  
  40  3:53  SCV  
  41  3:57  SCV  
  41  3:59  Marine x2  
  41  4:00  Refinery  
  44  4:05  SCV  
  44  4:09  SCV  
  46  4:11  Siege Tank  
  46  4:17  Marine x2, SCV  
  46  4:21  SCV  
  49  4:26  Supply Depot  
  49  4:29  SCV  
  50  4:33  SCV  
  50  4:35  Marine x2  
  53  4:43  Raven  
  54  4:48  SCV x2  
  54  4:52  Supply Depot  
  56  4:56  Marine  
  56  4:57  Marine  
  58  5:01  SCV  
  58  5:02  SCV, Command Center  
  60  5:13  Supply Depot, Siege Tank  
  60  5:14  Refinery  
  63  5:16  SCV x2  
  65  5:28  SCV x2  
  65  5:33  Marine  
  65  5:34  Supply Depot, Stimpack  
  67  5:38  Viking  
  67  5:39  Viking  
  67  5:40  SCV x2  
  73  5:46  Siege Tank  
  76  5:50  Barracks  
  76  5:51  Marine, Barracks  
  76  5:52  SCV  
  76  5:55  SCV  
  79  5:57  Engineering Bay  
  79  5:58  Engineering Bay  
  79  6:04  SCV  
  79  6:07  SCV  
  79  6:09  Marine  
  82  6:11  Viking  
  82  6:12  Viking  
  75  6:19  SCV  
  76  6:27  Marine, Siege Tank  
  76  6:30  SCV  
  63  6:35  SCV, Orbital Command  
  63  6:42  SCV  
  63  6:46  Barracks Reactor  
  64  6:47  SCV  
  64  6:49  Barracks Reactor  
  64  6:53  Terran Infantry Armor Level 1, Terran Infantry Weapons Level 1  
  65  6:56  SCV  
  65  6:58  Marine  
  65  6:59  SCV  
  65  7:01  Siege Tank  
  71  7:04  SCV  
  72  7:09  SCV  
  72  7:11  SCV  
  74  7:16  Marine  
  74  7:18  Orbital Command  
  74  7:19  Barracks  
  74  7:21  SCV  
  74  7:22  Barracks  
  76  7:23  SCV  
  76  7:27  Marine x4  
  81  7:33  Siege Tank  
  81  7:34  Marine, Combat Shields  
  81  7:35  SCV x2  
  84  7:47  Supply Depot  
  84  7:48  SCV x3  
  84  7:50  Marine  
  84  7:51  Marine x3  
  89  7:52  Marine  
  79  8:04  SCV x3  
  61  8:12  Siege Tank  
  62  8:18  SCV x2  
  64  8:22  SCV  
  65  8:30  SCV  
  65  8:31  SCV  
  67  8:36  SCV  
  67  8:38  Barracks Reactor x2  
  68  8:43  SCV x2  
  68  8:44  Siege Tank  
  68  8:48  SCV  
  74  8:49  Marine x2  
  74  8:52  Marine x2  
  74  8:55  SCV x2  
  80  9:00  SCV  
  80  9:01  Medivac x2  
  80  9:02  Marine  
  85  9:07  SCV x2  
  88  9:11  Sensor Tower  
  88  9:12  SCV  
  88  9:13  Marine x2  
  88  9:16  Siege Tank  
  94  9:18  Marine  
  94  9:21  SCV x2  
  97  9:24  SCV  
  97  9:26  Marine  
  97  9:27  Marine x5  
  97  9:28  Supply Depot  
  104  9:32  Missile Turret  
  104  9:33  Medivac x2  
  108  9:39  SCV  
  108  9:40  Refinery x2  
  109  9:45  Armory  
  109  9:49  SCV x2  
  109  9:50  Siege Tank  
  114  9:53  Marine, Supply Depot  
  114  9:54  Supply Depot  
  114  10:01  Marine x3  
  117  10:15  Marine, SCV x3, Medivac x2  
  117  10:16  Marine x4  
  117  10:20  Supply Depot  
  129  10:22  Supply Depot  
  129  10:23  Siege Tank  
  129  10:26  Marine  
  133  10:30  Marine  
  133  10:39  SCV x2  
  133  10:41  Marine  
  133  10:45  Marine x7  
  133  10:46  Terran Infantry Weapons Level 2, Terran Infantry Armor Level 2  
  133  10:47  Marine  
  141  10:52  Supply Depot  
  141  10:53  Terran Vehicle Weapons Level 1  
  141  10:59  Marine  
  141  11:03  Marine x7  
  139  11:04  Siege Tank  
  139  11:05  Marine  
  139  11:07  SCV x3  
  142  11:16  Medivac x2  
  142  11:17  Marine  
  147  11:20  Marine  
  147  11:21  Marine x3  
  149  11:29  Marine x4  
  147  11:34  Marine  
  147  11:36  Siege Tank  
  147  11:38  Marine  
  140  11:43  Marine x3  
  141  11:47  Marine x4  
  141  11:51  Supply Depot  
  141  11:52  Supply Depot  
  145  11:54  Medivac x2  
  145  11:56  Marine x2  
  145  12:01  Marine x2  
  151  12:04  Marine  
  151  12:05  Marine  
  155  12:12  Siege Tank  
  155  12:14  Supply Depot  
  155  12:15  Supply Depot  
  158  12:22  Marine  
  156  12:34  Marine, Medivac x2  
  156  12:35  Marine x7  
  166  12:40  Marine, Orbital Command  
  150  13:02  Supply Depot  

Tags
 
Add a new tag
Caveats
  • Supply blocks, unpowered buildings, or Contaminate may cause inaccurate times.
  • Supply counts are checked every 10 seconds.